 Dungeon Crawl Stone Soup version 0.24.0-1-gfbc8707122 (webtiles) character file.

Game seed: 2548211349877215271, levelgen mode: deterministic

200 Arum the Slasher (level 5, -7/33 HPs)
             Began as a Tengu Gladiator on Oct 27, 2019.
             Killed by divine providence
             ... invoked by an orc priest
              (16 damage)
             ... on level 3 of the Dungeon.
             The game lasted 00:03:58 (2246 turns).

Arum the Slasher (Tengu Gladiator)                  Turns: 2246, Time: 00:03:58

Health: -7/33      AC:  5    Str: 14    XL:     5   Next: 78%
Magic:  6/6        EV: 13    Int:  9    God:
Gold:   183        SH:  0    Dex: 20    Spells: 4/4 levels left

rFire    + . .     SeeInvis .   a - +0 long sword
rCold    . . .     Gourm    .   (no shield)
rNeg     . . .     Faith    .   j - +0 ring mail
rPois    .         Spirit   .   c - +0 hat
rElec    .         Reflect  .   (no cloak)
rCorr    .         Harm     .   (no gloves)
MR       .....                  (boots unavailable)
Stlth    +.........             (no amulet)
HPRegen  0.11/turn              e - +4 ring of dexterity
MPRegen  0.10/turn              h - ring of protection from fire (curse)

@: no status effects
A: beak, talons 3, able to fly
a: Fly


You were on level 3 of the Dungeon.
You were not hungry.

You visited 1 branch of the dungeon, and saw 3 of its levels.

You collected 183 gold pieces.

Inventory:

Hand Weapons
 a - a +0 long sword (weapon)
Missiles
 d - 3 throwing nets (quivered)
Armour
 c - a +0 hat (worn)
 j - a +0 ring mail (worn)
Jewellery
 e - a +4 ring of dexterity (left hand)
 h - a cursed ring of protection from fire (right hand)
 k - an uncursed amulet of rage {unknown}
 m - an uncursed ring of positive energy {unknown}
Scrolls
 g - 2 scrolls of random uselessness {unknown}
 i - a scroll of blinking {unknown}
 l - a scroll of fog {unknown}
 n - 2 scrolls of amnesia {unknown}
 p - a scroll of teleportation {unknown}
 q - a scroll of immolation {unknown}
 r - 2 scrolls of identify {unknown}
 s - a scroll of remove curse {unknown}
Potions
 o - a potion of cancellation {unknown}
Comestibles
 b - 4 chunks of flesh
 f - 4 rations


   Skills:
 + Level 3.7 Fighting
 + Level 4.7 Long Blades
 - Level 2.0 Throwing
 + Level 4.7 Dodging


You had 4 spell levels left.
You didn't know any spells.
Your spell library was empty.

Dungeon Overview and Level Annotations

Branches:
Dungeon (3/15)

Altars:
Xom


Innate Abilities, Weirdness & Mutations

You have a beak for a mouth.
You have claws for feet.
You can fly continuously.


Message History

Beogh smites you!
You slash the orc!
You kill the orc!
A kobold comes into view.
The orc hits you.
The orc priest begins to cast a cantrip, but forgets the words!
The orc priest mumbles some strange prayers to Beogh against you.
Beogh smites you!
* * * LOW HITPOINT WARNING * * *
The orc wizard gestures wildly while chanting.
The orc wizard flickers and vanishes!
Deactivating autopickup; reactivate with Ctrl-A.
Really walk into that teleport trap?
You enter a teleport trap!
The teleport trap disappears.
Your surroundings suddenly seem different.
You start resting.
The orc priest is too close now for your liking.
The orc priest invokes the aid of Beogh against you.
Beogh smites you!
You die...

#......o...#
#......)..........#
......o...........#
.....o.K...o......#
..................#
.../..............#
..................#
#.................#
.......@.#
.........#
##########


You could see an orc priest.

Vanquished Creatures
  A scorpion (D:2)
  4 adders
  3 gnolls (D:2)
  2 worms
  3 dart slugs
  2 leopard geckos
  5 orcs
  7 bats
  3 giant cockroaches
  10 goblins
  9 hobgoblins
  8 kobolds
  4 ball pythons
  5 frilled lizards
  5 rats
71 creatures vanquished.

Notes
Turn   | Place    | Note
-------+----------+-------------------------------------------
     0 | D:1      | Arum the Tengu Gladiator began the quest for the Orb.
     0 | D:1      | Reached XP level 1. HP: 12/12 MP: 2/2
    85 | D:1      | Reached XP level 2. HP: 17/17 MP: 3/3
   275 | D:1      | Reached XP level 3. HP: 22/22 MP: 4/4
   509 | D:1      | Found a shimmering altar of Xom.
   676 | D:2      | Noticed a scorpion
   684 | D:2      | Killed a scorpion
   684 | D:2      | Reached XP level 4. HP: 6/28 MP: 5/5
  1326 | D:2      | Gained mutation: You can fly continuously. [Tengu growth]
  1326 | D:2      | Reached XP level 5. HP: 14/32 MP: 6/6
  2246 | D:3      | Killed from afar by an orc priest

Levels and vault maps discovered:
D:1:      sevenhm_arrival_forest_fort_small_6, layout_loops_ring,
          minmay_misc_feat_pillars, ebering_dispersal_statue_hall,
          xom_teletrap_fun
D:2:      layout_rooms, minmay_pentomino_o2
D:3:      layout_rooms, first_ration

Skill      XL: |  1  2  3 |
---------------+----------+-----
Fighting       | 3 |  3.7
Long Blades    | 4 |  4.7
Dodging        | 4 |  4.7
Throwing       | |  2.0

Action                   |  1- 3 |  4- 6 || total
-------------------------+-------+-------++-------
Melee: Long sword        |    33 |    83 ||   116
       Kick              |     9 |    36 ||    45
       Peck              |     9 |    22 ||    31
  Use: Potion            |       |     2 ||     2
 Stab: Sleeping          |     4 |       ||     4
  Eat: Chunk             |       |     4 ||     4
Armor: Leather armour    |     6 |       ||     6
       Ring mail         |       |    18 ||    18
Dodge: Dodged            |    27 |    67 ||    94
       Rpst.: Long sword |     7 |    18 ||    25
